Map: Overgrown Facility

Players

MarineKing - Winner!

  • Race: Zerg Zerg
  • League: Master
  • Spawn Location: 9:00

PureLegacy - Winner!

  • Race: Terran Terran
  • Spawn Location: 7:00

IIIIIIIIIIII

  • Race: Terran Terran
  • Spawn Location: 3:00

JanSobieski

  • Race: Protoss Protoss
  • Spawn Location: 1:00

VOD

Have the link to the VOD?

Description

Time

  • Played on: Nov. 28, 2018, 6:19 p.m.
  • Length: 15:38
Show
View Real Time Build Order
Export as new Build Order

MarineKing Zerg - Winner!

Build Orders: Hatch First, Brood Lord Corruptor 

Get SALT Encoding   

  12  0:00  Drone  
  13  0:12  Overlord  
  13  0:18  Drone  
  14  0:31  Drone x2  
  16  0:52  Hatchery  
  16  0:56  Drone  
  16  0:57  Drone  
  17  1:00  Drone  
  18  1:10  Extractor  
  17  1:17  Spawning Pool  
  16  1:20  Drone  
  16  1:23  Drone  
  18  1:28  Drone  
  19  1:43  Drone  
  20  1:51  Overlord  
  20  2:03  Drone  
  20  2:04  Queen x2  
  20  2:05  Zergling x2  
  26  2:16  Drone x2  
  26  2:17  Metabolic Boost  
  26  2:22  Zergling x2  
  29  2:29  Drone  
  30  2:41  Hatchery  
  30  2:43  Drone  
  30  2:44  Drone  
  31  2:46  Drone  
  32  2:53  Overlord  
  32  2:58  Overlord  
  32  3:04  Drone  
  33  3:06  Drone  
  33  3:11  Drone x2  
  36  3:15  Drone x5  
  36  3:18  Drone  
  42  3:31  Zergling x4  
  44  3:34  Zergling x2  
  44  3:39  Drone, Extractor  
  44  3:40  Extractor  
  44  3:50  Drone x3  
  44  3:52  Drone x3  
  44  3:53  Queen  
  44  3:54  Drone  
  53  4:06  Drone  
  53  4:07  Drone  
  53  4:08  Overlord x2, Evolution Chamber  
  53  4:09  Evolution Chamber  
  53  4:10  Lair  
  53  4:15  Extractor  
  52  4:17  Baneling Nest  
  52  4:20  Drone x3  
  52  4:21  Drone x2  
  52  4:23  Drone x2  
  58  4:26  Zergling x2  
  58  4:27  Zergling x2  
  58  4:30  Overlord  
  59  4:40  Zerg Ground Armor Level 1  
  59  4:43  Zerg Melee Weapons Level 1  
  59  4:46  Spore Crawler  
  59  4:47  Spore Crawler  
  59  4:50  Drone  
  59  4:51  Spore Crawler, Drone  
  57  5:09  Roach Warren, Zergling x4  
  57  5:10  Zergling x12  
  64  5:16  Drone x4  
  64  5:17  Drone  
  68  5:21  Baneling x4  
  68  5:27  Drone x2  
  70  5:28  Drone  
  70  5:29  Drone x2  
  70  5:31  Drone  
  70  5:33  Baneling x3  
  74  5:43  Centrifical Hooks  
  74  5:45  Hydralisk Den  
  74  5:47  Drone  
  74  5:59  Overlord x3  
  74  6:02  Spore Crawler x2  
  72  6:05  Extractor  
  72  6:07  Extractor  
  70  6:13  Hatchery  
  68  6:21  Drone x3  
  68  6:22  Drone x7  
  68  6:23  Drone x3  
  81  6:32  Drone x3  
  84  6:33  Glial Reconstitution  
  84  6:36  Grooved Spines  
  84  6:45  Zerg Melee Weapons Level 2, Zerg Ground Armor Level 2  
  84  6:50  Spore Crawler  
  84  6:51  Overlord x2  
  83  7:01  Spore Crawler, Spine Crawler  
  82  7:05  Spine Crawler  
  82  7:06  Overlord x3  
  80  7:19  Overlord x2  
  80  7:20  Overlord x2  
  80  7:26  Pneumatized Carapace  
  80  7:27  Burrow  
  80  7:30  Queen  
  80  7:31  Drone  
  80  7:32  Drone x7  
  90  7:39  Drone x3  
  90  7:42  Spore Crawler  
  90  7:43  Drone x2  
  94  7:45  Spore Crawler  
  94  7:50  Muscular Augments  
  93  7:54  Drone  
  93  7:56  Infestation Pit  
  93  8:03  Zergling x6  
  93  8:04  Zergling x12  
  103  8:05  Drone x2  
  103  8:06  Drone  
  103  8:07  Extractor  
  103  8:09  Extractor  
  103  8:19  Tunneling Claws  
  103  8:26  Hydralisk x9  
  115  8:33  Baneling x7  
  115  8:34  Baneling x4  
  121  8:35  Baneling  
  121  8:36  Baneling x11  
  121  8:38  Zergling x2  
  121  8:39  Zergling x4  
  124  8:42  Baneling x6  
  124  8:43  Baneling x2  
  124  8:44  Baneling x2  
  124  9:01  Drone  
  124  9:02  Lurker Den  
  124  9:04  Zergling x12  
  124  9:05  Zergling x8  
  134  9:14  Hatchery  
  133  9:20  Pathogen Glands  
  133  9:24  Zerg Missile Weapons Level 1  
  133  9:28  Drone x4  
  137  9:37  Baneling x4  
  137  9:38  Baneling x22  
  137  9:41  Zergling x22  
  148  10:05  Hydralisk x9  
  107  10:38  Spire  
  107  10:39  Hive, Spire  
  94  11:03  Queen  
  96  11:05  Spore Crawler  
  95  11:11  Drone  
  95  11:12  Drone x12  
  108  11:26  Zerg Missile Weapons Level 2  
  108  11:42  Extractor  
  108  11:43  Extractor  
  108  11:46  Spore Crawler  
  105  11:47  Spore Crawler x2  
  105  11:48  Drone x4  
  105  11:49  Spore Crawler  
  105  11:50  Spore Crawler  
  105  11:51  Overlord x5  
  105  11:53  Zerg Flyer Weapons Level 1, Greater Spire  
  105  12:04  Ultralisk Cavern  
  104  12:24  Corruptor  
  104  12:25  Corruptor x21  
  104  12:26  Corruptor  
  104  12:28  Viper  
  151  12:31  Overseer x2  
  151  12:35  Corruptor x2  
  149  12:52  Viper  
  152  13:12  Brood Lord x4, Spine Crawler  
  154  13:14  Brood Lord  
  154  13:15  Spine Crawler  
  154  13:17  Spine Crawler  
  152  13:21  Zergling x24  
  152  13:22  Zergling x16  
  172  13:33  Spine Crawler  
  172  13:34  Spine Crawler  
  162  13:35  Spine Crawler  
  162  13:36  Brood Lord  
  162  13:37  Spine Crawler  
  162  13:39  Brood Lord  
  154  13:51  Infestation Pit  
  153  14:01  Baneling x4  
  153  14:02  Zergling x2  
  154  14:03  Zergling x10  
  154  14:08  Spine Crawler  
  158  14:11  Spine Crawler  
  154  14:25  Corruptor x2  
  154  14:30  Hatchery  
  138  14:57  Unknown  
  138  14:59  Corruptor x2  
  130  15:00  Corruptor x5  
  134  15:27  Hatchery  
Show
View Real Time Build Order
Export as new Build Order

PureLegacy Terran - Winner!

Build Orders: Reaper Expand 

Get SALT Encoding   

  12  0:02  SCV  
  13  0:14  SCV  
  14  0:18  Supply Depot  
  14  0:26  SCV  
  15  0:40  SCV  
  15  0:41  Barracks  
  16  0:45  Refinery  
  16  0:52  SCV  
  17  1:04  SCV  
  18  1:16  SCV  
  19  1:32  Reaper, Orbital Command  
  20  1:49  Command Center  
  20  1:58  SCV  
  21  2:04  Supply Depot  
  21  2:06  Barracks Reactor  
  21  2:10  SCV  
  21  2:15  Barracks  
  22  2:25  SCV  
  22  2:26  Barracks  
  23  2:35  Supply Depot  
  23  2:44  SCV  
  23  2:45  Marine x2  
  26  2:56  SCV  
  27  3:03  Refinery, Marine x2, Orbital Command  
  28  3:06  Barracks Tech Lab  
  28  3:09  SCV  
  29  3:13  Marine  
  29  3:18  Engineering Bay  
  30  3:21  SCV  
  30  3:23  Marine x2  
  30  3:26  Stimpack  
  33  3:29  SCV  
  33  3:34  Marine x2  
  35  3:37  SCV  
  37  3:43  SCV  
  38  3:48  Factory  
  38  3:49  SCV  
  38  3:52  Missile Turret  
  39  3:56  SCV  
  39  4:00  Marine x4  
  45  4:02  SCV  
  45  4:08  Missile Turret  
  45  4:10  SCV  
  45  4:15  Terran Infantry Weapons Level 1, SCV  
  47  4:22  Supply Depot  
  47  4:25  SCV  
  47  4:27  SCV  
  47  4:30  Marine x4  
  53  4:33  Starport  
  53  4:35  Factory Reactor  
  53  4:37  SCV  
  54  4:43  SCV  
  54  4:45  Supply Depot  
  55  4:49  SCV  
  56  4:55  Barracks Reactor  
  56  4:57  Barracks x2, SCV  
  57  5:00  Supply Depot  
  57  5:04  SCV  
  57  5:06  Refinery  
  58  5:07  Refinery  
  57  5:14  SCV  
  57  5:16  SCV  
  57  5:18  Marine x3  
  62  5:27  Factory Tech Lab  
  62  5:28  Medivac x2  
  65  5:31  SCV  
  65  5:34  Refinery  
  66  5:37  Supply Depot, SCV  
  66  5:38  Supply Depot, Combat Shield  
  67  5:43  SCV  
  67  5:44  Supply Depot  
  67  5:49  Barracks Reactor x2  
  68  5:53  Marine x2  
  68  5:54  Supply Depot, Marine x3  
  73  6:06  Siege Tank  
  73  6:10  Supply Depot  
  76  6:11  Marine x3  
  76  6:12  Marine  
  80  6:21  Medivac x2  
  80  6:22  Marine  
  85  6:27  Supply Depot, SCV  
  85  6:29  Marine x4  
  90  6:33  Supply Depot  
  90  6:35  Marine x4  
  94  6:40  Terran Infantry Armor Level 1, Marine  
  95  6:47  Marine  
  90  7:05  Marine x4  
  90  7:06  Marine x2  
  90  7:07  Medivac x2  
  99  7:08  Marine x2  
  99  7:09  Marine  
  89  7:34  Barracks, SCV x2  
  89  7:36  Armory  
  91  7:37  Medivac x2, Engineering Bay  
  91  7:39  Supply Depot  
  91  7:41  Marauder x2  
  91  7:43  Concussive Shells  
  99  7:46  SCV x2, Command Center  
  101  8:06  Marauder x2  
  101  8:07  Medivac x2, SCV x2  
  111  8:16  Sensor Tower  
  111  8:22  Marine  
  111  8:24  Terran Infantry Weapons Level 2  
  112  8:27  Marauder  
  112  8:28  Marine x3, Marauder  
  112  8:29  Marine x4  
  123  8:37  SCV x2  
  125  8:44  Terran Infantry Armor Level 2  
  125  8:45  Barracks  
  125  8:46  Barracks  
  121  9:00  Marauder  
  121  9:01  Marauder  
  125  9:04  Marine x3  
  125  9:05  Orbital Command  
  125  9:06  SCV x2  
  125  9:07  Marine  
  131  9:12  Supply Depot  
  131  9:14  Medivac  
  131  9:16  Medivac  
  135  9:22  Marine  
  135  9:23  Marine x3  
  135  9:24  Marauder  
  117  9:35  Barracks Tech Lab x2  
  117  9:37  Marine x4  
  121  9:44  Medivac  
  123  9:46  Medivac  
  125  9:54  SCV x3  
  125  9:55  Refinery x2  
  125  9:58  Marine x2  
  130  10:02  Command Center  
  130  10:05  Starport  
  130  10:07  Starport  
  130  10:08  Fusion Core  
  130  10:10  Liberator x2  
  130  10:16  Supply Depot  
  130  10:17  Supply Depot x2, Marine x5  
  130  10:18  Marine x4, Marauder x2  
  130  10:19  Marauder  
  150  10:46  Marine x3  
  150  10:47  Marine x3  
  153  10:52  Terran Infantry Weapons Level 3  
  151  10:58  Liberator x2  
  151  11:00  SCV x3  
  151  11:01  Starport Reactor, Starport Tech Lab  
  154  11:07  Terran Ship Weapons Level 1  
  154  11:12  Marine x5, SCV x2  
  154  11:13  Marine  
  168  11:18  Orbital Command  
  168  11:19  Refinery x2  
  168  11:23  Advanced Ballistics  
  168  11:26  SCV x2  
  166  11:35  Liberator x2  
  166  11:36  Liberator  
  166  11:42  Marine x4  
  165  11:54  Marine x4  
  165  11:55  Marauder  
  164  12:15  Marine x4  
  150  12:16  Marine x2, Marauder x4  
  150  12:19  Medivac x2  
  148  12:31  Terran Infantry Armor Level 3  
  148  12:36  Liberator x2, Medivac x2  
  152  12:37  Medivac  
  152  12:38  Marine x5  
  152  12:39  Marauder x3  
  165  12:58  Command Center  
  171  13:00  Liberator x3  
  171  13:18  Marine x5  
  171  13:19  Marine, Marauder x4  
  194  13:25  Missile Turret  
  194  13:32  Missile Turret x2  
  194  13:33  Missile Turret  
  194  13:36  Missile Turret  
  168  13:50  Marine x3  
  168  13:51  Marine x4, Marauder x4  
  168  13:55  Liberator x5  
  149  14:12  Marauder  
  149  14:13  Marine x2  
  156  14:25  Starport  
  156  14:42  Marine x3  
  156  14:43  Marine x9  
  168  14:55  Medivac x3  
Show
View Real Time Build Order
Export as new Build Order

IIIIIIIIIIII Terran 

Build Orders: Gas First Reaper Expand, Mech 

Get SALT Encoding   

  12  0:01  SCV  
  13  0:13  SCV  
  14  0:18  Supply Depot  
  14  0:25  SCV  
  15  0:30  Refinery  
  15  0:42  Barracks  
  15  0:45  SCV  
  16  0:57  SCV  
  17  1:10  SCV  
  18  1:22  SCV  
  19  1:29  Reaper  
  20  1:34  Orbital Command  
  20  1:48  Command Center  
  20  2:00  Factory  
  20  2:03  Barracks Tech Lab  
  20  2:08  Refinery  
  20  2:29  SCV  
  21  2:36  Supply Depot  
  19  3:04  Orbital Command  
  19  3:11  Supply Depot  
  19  3:12  Factory, SCV  
  20  3:14  Cyclone  
  23  3:24  SCV  
  24  3:33  SCV  
  25  3:36  SCV  
  26  3:45  SCV  
  26  3:48  SCV, Barracks Tech Lab  
  28  3:51  Starport  
  28  3:53  Cyclone  
  31  3:57  SCV  
  31  4:00  SCV  
  33  4:03  Refinery  
  33  4:04  Refinery, Factory Tech Lab  
  33  4:09  SCV  
  34  4:12  SCV  
  35  4:21  SCV  
  36  4:24  SCV  
  36  4:27  Factory  
  36  4:30  Mag-Field Accelerator  
  37  4:40  SCV x2  
  39  4:51  Supply Depot  
  39  4:52  Raven, SCV x2, Supply Depot  
  43  5:04  Armory, SCV x2  
  45  5:13  Factory Reactor  
  45  5:16  SCV x2  
  45  5:19  Supply Depot  
  45  5:20  Engineering Bay  
  47  5:23  Infernal Pre-Igniter  
  47  5:28  SCV  
  47  5:29  SCV  
  49  5:40  SCV  
  49  5:41  SCV  
  51  5:53  SCV x2  
  51  5:54  Terran Vehicle Weapons Level 1, Command Center  
  53  5:59  Raven  
  53  6:01  Siege Tank  
  58  6:17  SCV x2  
  60  6:29  SCV  
  60  6:30  Factory, Thor  
  60  6:32  Hellion x2  
  71  6:36  SCV  
  71  6:39  Refinery  
  72  6:41  SCV  
  73  6:48  Cyclone  
  73  6:49  Refinery  
  73  6:53  Hellion x2  
  58  7:13  Siege Tank  
  58  7:14  Hellion x2  
  54  7:30  Orbital Command  
  54  7:41  Hellion x2  
  54  7:42  Starport Reactor  
  58  7:48  Terran Vehicle Weapons Level 2  
  58  7:59  Hellion, Siege Tank  
  63  8:15  Siege Tank  
  66  8:31  Hellion  
  68  8:52  Hellion  
  70  9:14  Hellion  
  72  9:35  Hellion  
  35  13:11  Command Center  
  35  13:17  Command Center  
  28  14:22  Barracks  
Show
View Real Time Build Order
Export as new Build Order

JanSobieski Protoss 

Build Orders: 1 Gate Expand, Oracle Opening 

Get SALT Encoding   

  12  0:02  Probe  
  13  0:15  Probe  
  13  0:19  Pylon  
  14  0:26  Probe  
  15  0:34  Probe  
  16  0:44  Gateway  
  16  0:48  Probe  
  17  0:52  Assimilator  
  17  1:00  Probe  
  18  1:12  Probe  
  19  1:29  Nexus  
  19  1:38  Cybernetics Core  
  19  1:40  Probe  
  19  1:44  Assimilator  
  20  1:48  Probe  
  20  1:53  Pylon  
  21  1:58  Probe  
  22  2:05  Adept  
  22  2:06  Warp Gate  
  22  2:10  Probe  
  25  2:22  Probe  
  26  2:31  Stalker  
  26  2:34  Probe  
  29  2:46  Probe x2  
  31  2:58  Probe  
  31  3:04  Probe  
  33  3:10  Probe  
  34  3:16  Probe  
  34  3:17  Stargate  
  34  3:18  Gateway  
  35  3:22  Probe  
  36  3:28  Probe  
  36  3:33  Sentry  
  39  3:35  Probe  
  39  3:36  Probe  
  39  3:37  Pylon  
  39  3:38  Assimilator  
  41  3:42  Assimilator  
  41  3:43  Pylon  
  41  3:45  Probe  
  41  3:47  Probe  
  42  3:52  Oracle  
  42  3:55  Probe  
  43  3:59  Probe  
  48  4:05  Probe  
  49  4:10  Gateway  
  49  4:11  Probe  
  49  4:13  Probe  
  49  4:17  Stalker x2  
  52  4:21  Probe  
  52  4:23  Probe  
  56  4:27  Pylon  
  56  4:29  Phoenix  
  59  4:33  Probe  
  59  4:35  Probe  
  61  4:45  Probe  
  62  4:47  Probe  
  62  4:49  Adept x2  
  67  4:54  Phoenix  
  67  4:57  Probe  
  70  5:01  Pylon  
  69  5:18  Probe  
  70  5:25  Phoenix  
  69  5:31  Nexus  
  69  5:32  Probe  
  70  5:36  Twilight Council, Probe  
  70  5:39  Gateway x2, Pylon  
  70  5:42  Assimilator  
  71  5:44  Assimilator, Probe  
  71  5:45  Pylon  
  72  5:58  Pylon  
  72  6:05  Adept x2  
  72  6:06  Adept  
  72  6:08  Probe  
  79  6:13  Probe  
  79  6:16  Charge  
  80  6:20  Templar Archives, Pylon  
  80  6:23  Probe  
  80  6:25  Probe  
  82  6:33  Gateway  
  82  6:35  Gateway, Probe  
  82  6:37  Probe  
  82  6:38  Shield Battery  
  84  6:46  Pylon  
  84  6:47  Probe  
  84  6:49  Probe  
  84  6:51  Stalker x4  
  94  6:59  Probe  
  95  7:02  Psionic Storm  
  93  7:10  High Templar  
  93  7:13  Pylon  
  91  7:24  Probe  
  91  7:25  High Templar x4  
  91  7:26  Phoenix  
  91  7:27  Probe  
  91  7:28  Probe  
  104  7:34  Gateway x2  
  104  7:36  Probe  
  105  7:40  Probe x2  
  107  7:48  Probe  
  108  7:51  Phoenix  
  108  7:52  Probe  
  108  7:55  Gateway, Probe  
  108  7:57  Gateway  
  112  8:00  Probe, Zealot x2  
  112  8:01  Zealot x2  
  112  8:03  High Templar x2  
  125  8:13  Zealot  
  125  8:14  Gateway  
  125  8:16  Archon, Probe, Phoenix  
  130  8:24  Zealot x4  
  138  8:46  Fleet Beacon, Zealot  
  136  8:56  Protoss Air Weapons Level 1  
  136  8:58  Pylon  
  136  8:59  Pylon  
  136  9:02  Pylon  
  136  9:03  Stargate  
  136  9:06  Pylon  
  136  9:07  Stargate  
  136  9:09  Stargate  
  136  9:12  Pylon  
  136  9:14  Pylon  
  136  9:17  Blink  
  136  9:18  Stalker x3  
  136  9:19  Stalker  
  144  9:27  Zealot x6  
  144  9:28  Zealot  
  141  9:39  Mothership  
  147  9:47  Pylon  
  147  9:49  Pylon  
  147  9:52  Tempest x4  
  169  10:13  Pylon  
  169  10:14  Pylon  
  169  10:21  Nexus  
  169  10:33  Zealot  
  169  10:34  Zealot x5  
  169  10:35  Tempest  
  168  10:36  Tempest x3  
  168  10:38  Zealot x3  
  189  10:47  Zealot x3  
  169  11:01  High Templar x3  
  169  11:02  High Templar x2, Zealot  
  169  11:03  Zealot x3  
  187  11:14  Sentry  
  187  11:15  Zealot x2  
  187  11:17  Tempest  
  198  11:22  Forge  
  198  11:31  Nexus  
  198  11:37  Zealot  
  190  12:19  Zealot x2  
  190  12:20  Zealot x4  
  190  12:22  Protoss Ground Weapons Level 1  
  194  12:26  Pylon  
  194  12:30  Gateway  
  194  12:33  Gateway  
  194  12:34  Protoss Air Weapons Level 2  
  194  12:35  Forge  
  194  12:36  Gateway, Forge  
  194  12:39  Gateway  
  194  12:41  Gateway  
  194  12:43  Tempest  
  194  12:44  Gateway  
  199  13:08  Nexus  
  199  13:15  Pylon  
  199  13:17  Protoss Shields Level 1  
  199  13:23  Protoss Ground Armor Level 1  
  199  13:24  Gateway  
  199  13:25  Gateway  
  191  13:41  Zealot  
  191  13:42  Zealot x3  
  176  13:51  Zealot  
  176  13:52  Zealot x3  
  176  13:53  Zealot x3  
  176  13:54  Zealot  
  173  14:00  Tempest x3  
  173  14:01  Tempest  
  142  14:11  Probe x3  
  143  14:21  Probe  
  143  14:23  Probe x2  
  134  14:27  Probe  
  134  14:29  Probe  
  135  14:35  Probe x2  
  135  14:38  Probe  
  138  14:39  Probe  
  138  14:43  Tempest x4  
  158  14:47  Probe x2  
  147  14:59  Zealot x6  
  141  15:00  Zealot x5  
  141  15:01  High Templar  
  141  15:03  High Templar  
  92  15:24  Stalker x3  
  103  15:30  Zealot  
Tags
 
Add a new tag
Caveats
  • Supply blocks, unpowered buildings, or Contaminate may cause inaccurate times.
  • Supply counts are checked every 10 seconds.